[Event "4NCL Div 2 2024-25"]
[Site "England"]
[Date "2025.01.26"]
[Round "4.17"]
[White "Bowcott-Terry, Finlay"]
[Black "Gayson, Peter M"]
[Result "1-0"]
[Annotator "TA"]
[ECO "A80"]
[WhiteElo "2168"]
[BlackElo "2087"]
[PlyCount "63"]
[EventDate "2024.11.23"]
[EventType "team-tourn"]
[EventCountry "ENG"]
[SourceTitle "playchess.com"]
[Source "ChessBase"]
[SourceQuality "1"]
[TimeControl "40/6000+30:3000+30"]

1. d4 f5 2. Bg5 g6 3. g4 fxg4 4. h3 g3 $146 (4... Bg7 5. c3 d5 6. Qd3 Nc6 7. hxg4 Bxg4 8. f3 Bf5 9. e4 Qd6 10. Ne2 dxe4 11. fxe4 {1-0 Madsen,H (2107)-Rasmussen,P (2022) Lovfalds 07th A 1993 (3)}) 5. fxg3 Nf6 6. Bg2 {[%emt 0:00:16] A80: Dutch Defence: Unusual White second moves.} d5 7. c4 ({White should try} 7. Nc3 $14) 7... c6 (7... Ne4 $11 8. Bf4 c6) 8. cxd5 {[%emt 0:02:43] White is slightly better.} cxd5 9. Nc3 {[%emt 0:01:57] Prevents Ne4} e6 (9... Nc6 $14) 10. e4 $16 {[%emt 0:04:22] White is more active.} dxe4 11. Qa4+ (11. Bxe4 Bg7 $14) (11. Nge2 $16) 11... Bd7 $14 12. Qb3 Be7 13. Bxf6 (13. Qxb7 Nc6 14. Bf4 O-O $17 (14... Nxd4 15. O-O-O $14)) (13. Nxe4 Nxe4 14. Bxe7 Qxe7 $11) 13... Bxf6 14. Bxe4 (14. Nge2 $11) 14... Nc6 $1 $17 (14... Bxd4 15. Nge2 (15. Qxb7 O-O $14) (15. Bxb7 Nc6 $11) 15... Nc6 16. Nxd4 Nxd4 17. Qxb7 $11) 15. O-O-O (15. Nf3 $142) 15... Nxd4 (15... Bxd4 $6 16. Nf3 Na5 17. Qb4 Bxc3 18. bxc3 $15 (18. Qxc3 $2 Rc8 $19)) 16. Qxb7 (16. Qb4 $17 a5 17. Qxb7) 16... Rb8 (16... Rc8 $19 {is more deadly.} 17. Kb1 (17. Qxa7 $2 Nb5 $19) 17... Qa5) 17. Qxa7 Nb5 (17... e5 $17 {aiming for ...0-0.} 18. Nf3 O-O) 18. Nxb5 $11 Rxb5 19. Bc6 {[%emt 0:12:18] Really sharp!} Bxc6 (19... Rxb2 $2 {loses.} 20. Rxd7 (20. Bxd7+ Kf8 $18) 20... O-O 21. Rxd8 $18) (19... Bxb2+ $6 20. Kc2 Bxc6 21. Rxd8+ Kxd8 22. Rh2 $16 (22. Nf3 Bxf3 23. Re1 Rb7 $17)) 20. Rxd8+ Bxd8 {[%emt 0:00:00] This pair of bishops is nice.} 21. Rh2 $1 {[%emt 0:08:34] [#]} O-O 22. Rf2 Bg5+ 23. Kd1 {[%emt 0:05:36] aiming for Rxf8+.} Rxf2 (23... Rd8+ $11 24. Ke1 Rbd5) 24. Qxf2 $18 Rd5+ 25. Kc2 Rf5 26. Qb6 Be4+ 27. Kd1 Rd5+ 28. Ke1 Bd2+ (28... Kg7 {was called for.} 29. h4 (29. Qxe6 Bf6 $18) 29... Bf6) 29. Ke2 {[%emt 0:00:01] White is clearly winning.} Ba5 (29... Kf7 $142 30. Nf3 Bh6 31. Qc7+ Kg8 32. Qb8+ Bf8) 30. Qxe6+ Kg7 31. Qxe4 (31. Qe7+ $142 Kg8 32. Qxe4 Rd2+ 33. Ke3) 31... Rd2+ 32. Ke3 {[%emt 0:00:21] Never resign too early!   Weighted Error Value: White=0.49/Black=0.86  Loses game:     	---       	Black=1      Mistake:       	White=5     	Black=6      Inaccurate:     	White=1     	Black=2      OK:         	White=6     	Black=5      Best:        	White=6     	Black=2      Strong:       	White=1     	Black=1} 1-0

[Event "4NCL Div 2 2024-25"]
[Site "England"]
[Date "2025.01.26"]
[Round "4.18"]
[White "Dunn, Andrew M"]
[Black "Shearsby, Jude"]
[Result "0-1"]
[Annotator "TA"]
[ECO "E60"]
[WhiteElo "2117"]
[BlackElo "2192"]
[PlyCount "64"]
[EventDate "2024.11.23"]
[EventType "team-tourn"]
[EventCountry "ENG"]
[SourceTitle "playchess.com"]
[Source "ChessBase"]
[SourceQuality "1"]
[TimeControl "40/6000+30:3000+30"]

1. d4 Nf6 2. c4 g6 3. h4 Bg7 4. Nc3 d5 5. h5 Nxh5 6. cxd5 {[%emt 0:00:16] E60: King's Indian: Unusual lines and Fianchetto Variation without Nc3.} (6. Nxd5 c6 7. Nc3 Bxd4 $17 (7... Qxd4 8. Qxd4 Bxd4 9. Bh6 $17)) 6... e6 7. g4 Nf6 8. dxe6 {[%emt 0:01:32] The position is equal.} Bxe6 9. e4 Bxg4 10. f3 Bh5 11. Bg5 $36 {[%emt 0:01:41][%mdl 3072] e5 would now be deadly. White has compensation. White has some pressure.} h6 $146 (11... O-O 12. Qd2 h6 13. Be3 Nc6 14. O-O-O Qd7 15. Bh3 Qe7 16. e5 Nxe5 17. dxe5 Qxe5 {½-½ Gukhman,S (2014)-Afonasieva,A (2232) Voronezh Petrovsky op 2022 (2)}) 12. Be3 Nc6 13. Qd2 Qe7 14. O-O-O {[%emt 0:01:07] White sacrificed a pawn} (14. Qf2 $5) 14... O-O-O 15. Qf2 (15. Be2 $11) 15... a6 $2 (15... Nxe4 $1 $17 16. Nxe4 f5 17. Rxh5 gxh5) 16. Nge2 $16 Kb8 17. Nf4 Qe8 18. e5 Nxe5 19. dxe5 Rxd1+ 20. Kxd1 Qxe5 21. Kc1 (21. Bg2 {is more complex.} Re8 22. Re1 Rd8+ 23. Kc1) 21... Re8 {[%emt 0:03:47] [#]} 22. Ba7+ (22. Bd2 $1 $16 {keeps the pressure on.}) 22... Ka8 $17 23. Nd3 Qf5 24. Bd4 Bxf3 25. Rh3 {[%emt 0:01:52] [#]} Bg4 26. Qxf5 Bxf5 27. Rf3 h5 {[%emt 0:01:41] ...Bh6+ would now be deadly.} 28. Kc2 h4 29. Bg2 (29. Bh3 $15) 29... Rh8 (29... Nh5 $142 30. Bf2 Rd8 (30... Bf6 31. Rxf5 gxf5 32. Nd5 $17)) 30. Bh1 (30. Bh3 $17 {was worth a try.}) 30... Rd8 31. Bf2 (31. Ne2 $17) 31... Ng4 $19 32. Bxh4 Rh8 {[%emt 0:00:01] Quite a comeback for Black.   Weighted Error Value: White=0.32/Black=0.15 (very precise)   Loses game:     	White=1     	---        Mistake:       	White=4     	Black=2      Inaccurate:     	White=1     	Black=1      OK:         	White=9     	Black=13     Best:        	White=4     	Black=4} 0-1

[Event "4NCL Div 2 2024-25"]
[Site "England"]
[Date "2025.01.26"]
[Round "4.19"]
[White "Baker, Chris W"]
[Black "Walton, Alan J"]
[Result "1/2-1/2"]
[Annotator "TA"]
[ECO "C11"]
[WhiteElo "2158"]
[BlackElo "2025"]
[PlyCount "85"]
[EventDate "2024.11.23"]
[EventType "team-tourn"]
[EventCountry "ENG"]
[SourceTitle "playchess.com"]
[Source "ChessBase"]
[SourceQuality "1"]
[TimeControl "40/6000+30:3000+30"]

1. e4 e6 2. Nf3 d5 3. Nc3 Nf6 4. e5 Nfd7 5. d4 c5 6. dxc5 Nc6 7. Bf4 Bxc5 8. Bd3 f6 9. exf6 Qxf6 10. Bg5 {[%emt 0:02:35][%cal Bf4g5,Bg5h4,Bh4g3,Bg3d6][%mdl 32] C11: French: Classical System: 4 e5 and 4 Bg5 dxe4.} Qf7 11. O-O O-O 12. Bh4 h6 {[%emt 0:03:55] Dodges Ng5} 13. Bg3 {[%emt 0:03:21] A sharp opening} a6 (13... e5 $6 14. Nxd5 Nb6 (14... Qxd5 $2 15. Bh7+ Kxh7 16. Qxd5 $18) 15. Nxb6 (15. Nxe5 Nxe5 16. Nxb6 Nxd3 $14) 15... Bxb6 16. Nh4 $16 (16. Bxe5 Bg4 $16) (16. Nxe5 Nxe5 17. Bxe5 Bf5 $16)) 14. Qe2 ({White should try} 14. Na4 $14) 14... Nd4 15. Nxd4 Bxd4 16. Bd6 $146 (16. Rad1 $5) (16. Rae1 Nf6 17. Be5 Bxe5 18. Qxe5 Bd7 19. h3 Qh5 20. f4 Rac8 21. f5 Rce8 22. fxe6 Qxe5 23. Rxe5 Rxe6 24. Rxe6 Bxe6 {1-0 Mazzilli,P (2311)-Terry,R (2503) Titled Tuesday intern op 14th Nov Late blitz 2023 (3)}) 16... Rd8 17. Rae1 Nc5 18. Be5 Bxe5 19. Qxe5 Nxd3 20. cxd3 Bd7 21. f4 Rac8 22. Rf2 Qf6 23. Qxf6 gxf6 24. f5 Kf7 ({Black should try} 24... e5 $1 $11) 25. fxe6+ $14 Bxe6 26. Ref1 f5 27. Ne2 $36 {[%emt 0:07:00][%mdl 2048] White has some pressure.} Rc2 28. Nd4 Rxf2 29. Rxf2 {[%emt 0:01:12][%mdl 4096] Endgame KRB-KRN} Kf6 30. g4 {[%emt 0:05:45][%cal Od4e6] White is more active.} Ke5 (30... Bc8 $14) 31. Nxe6 $18 (31. gxf5 Bd7 32. Ne6 Bxe6 33. fxe6 Kxe6 $15) 31... Kxe6 32. Rxf5 {[%emt 0:00:44] KR-KR. White is a pawn up.} ({And not} 32. gxf5+ Kf6 $11) 32... Rc8 33. Rh5 Rc2 34. d4 (34. Rxh6+ $16 Ke5 35. g5 Rxb2 36. d4+ Kf5 (36... Kxd4 $2 {too greedy.} 37. g6 $18) 37. h4) 34... Rxb2 (34... Kf6 $1 $14) 35. Rxh6+ $16 Ke7 (35... Kf7 $16) 36. g5 {[%emt 0:04:11][%cal Bg4g5,Bg5g6][%mdl 32] and h4 should not be overlooked} Rd2 {[%emt 0:00:40] [#]} 37. Rh4 (37. h4 $1 $18) 37... Kf7 $1 $11 38. Rf4+ Kg6 $1 39. h4 Kh5 (39... b5 $1 $11) 40. Rf6 (40. Rf8 $1 $14) 40... Kxh4 $2 (40... b5 $11) 41. g6 $18 {[%emt 0:50:37] g7 would kill now.} Rxd4 {[%emt 0:22:17] [#]} 42. Kf2 $2 (42. Rf2 $1 $18) 42... Kh5 $11 43. g7 {[%emt 0:01:43] Weighted Error Value: White=0.38/Black=0.36  Loses game:     	---       	Black=1      Missed win:     	White=1     	---        Mistake:       	White=3     	Black=5      Inaccurate:     	White=1     	Black=2      OK:         	White=12    	Black=10     Best:        	White=5     	---        Strong:       	---       	Black=2} 1/2-1/2

[Event "4NCL Div 2 2024-25"]
[Site "England"]
[Date "2025.01.26"]
[Round "4.20"]
[White "Wall, Tim P"]
[Black "Valdepenas Octavio, Javier"]
[Result "0-1"]
[Annotator "TA"]
[ECO "C77"]
[WhiteElo "2168"]
[BlackElo "2145"]
[PlyCount "78"]
[EventDate "2024.11.23"]
[EventType "team-tourn"]
[EventCountry "ENG"]
[SourceTitle "playchess.com"]
[Source "ChessBase"]
[SourceQuality "1"]
[TimeControl "40/6000+30:3000+30"]

1. e4 e5 2. Nf3 Nc6 3. Bb5 a6 4. Ba4 Nf6 5. d3 d6 6. c3 g6 7. O-O Bg7 8. Re1 O-O {[%emt 0:00:16] C77: Ruy Lopez: 3...a6 4 Ba4 Nf6, unusual lines.} 9. b4 $146 (9. Nbd2 Re8 10. h3 h6 11. Nf1 b5 12. Bc2 Rb8 13. d4 exd4 14. cxd4 Nb4 15. Bb1 c5 16. d5 a5 17. a3 {1-0 Carlsen,M (2832)-Erigaisi,A (2778) Titled Tuesday intern op 23rd Jul Late blitz 2024 (6)}) 9... b5 10. Bc2 a5 {[%emt 0:12:39] The position is equal.} 11. bxa5 Rxa5 12. Nbd2 Be6 13. Nb3 Ra6 14. d4 exd4 15. cxd4 Bg4 ({Better is} 15... Nb4 $15) 16. h3 (16. Bd3 $11) 16... Bxf3 $15 17. Qxf3 Nd7 18. Be3 Nb4 {[%emt 0:04:36][%csl LRa2,LRc2] Prevents Bd3} 19. Bb1 (19. Qe2 $15) 19... c5 $1 $17 20. a3 (20. Qe2 $17) 20... Nc6 $19 21. Rd1 c4 {[%emt 0:03:45][%csl Oc4] Black has a strong passed pawn} 22. Nc1 Qa8 23. h4 Rc8 24. h5 (24. Qh3 $17 Rc7 (24... Rxa3 $2 25. Rxa3 Qxa3 26. Qxd7 $18) 25. h5) 24... Rxa3 25. Rxa3 Qxa3 26. Qg4 Rd8 {[%emt 0:01:28] Black is much more active.} (26... Rc7 $17 {[%cal Og7d4] ...Bxd4! would now be deadly.} 27. Qf4 Qa4 (27... gxh5 28. Ne2 $17)) 27. Bg5 $1 $11 Bf6 (27... Nf6 $6 28. Qh4 $14) 28. Bxf6 $1 Nxf6 29. Qh4 Nxh5 30. d5 $1 Qa4 (30... Rc8 $1 $11 {remains equal.} 31. dxc6 Rxc6) 31. Rd2 (31. Rf1 $16) 31... Qb4 $15 (31... Qa3 32. Ne2 $16) 32. dxc6 Rf8 {[%emt 0:00:56] [#]} (32... Rc8 $1 $17 {and life is bright.} 33. Rd1 Qxb1) 33. Qg5 {[%emt 0:02:55][%mdl 8192] Now White is beyond hope.} Qxb1 $19 34. Rxd6 {[%emt 0:00:12] [#] Black must now prevent c7.} Ng7 $1 (34... Qxe4 $2 {loses.} 35. c7 h6 36. Qe3 $18) 35. f3 Ne6 36. Qd2 b4 37. Kh2 Qa1 38. Rd5 b3 39. Rb5 c3 {[%emt 0:00:27] Weighted Error Value: White=0.60/Black=0.20 (precise)   Loses game:     	White=1     	---        Mistake:       	White=5     	Black=4      Inaccurate:     	White=4     	Black=1      OK:         	White=8     	Black=11     Best:        	---       	Black=7      Strong:       	White=3     	Black=2} 0-1

[Event "4NCL Div 2 2024-25"]
[Site "England"]
[Date "2025.01.26"]
[Round "4.21"]
[White "Pitcher, John"]
[Black "Wills, Tom"]
[Result "1-0"]
[Annotator "TA"]
[ECO "B52"]
[WhiteElo "2147"]
[BlackElo "1976"]
[PlyCount "69"]
[EventDate "2024.11.23"]
[EventType "team-tourn"]
[EventCountry "ENG"]
[SourceTitle "playchess.com"]
[Source "ChessBase"]
[SourceQuality "1"]
[TimeControl "40/6000+30:3000+30"]

1. e4 c5 2. Nf3 d6 3. Bb5+ Bd7 4. Bxd7+ Nxd7 5. O-O Ngf6 6. Qe2 e6 7. d4 cxd4 8. Nxd4 Be7 9. c4 Qa5 {[%emt 0:04:41] B52: Sicilian: Moscow Variation with 3...Bd7.} 10. Nc3 Rc8 11. Nc2 a6 {[%emt 0:15:37] The position is equal.} 12. Bd2 Qc7 $146 (12... Qc5 13. b3 O-O 14. Nb4 Bd8 15. Nd3 Qc6 16. Kh1 Ba5 17. Rac1 Bxc3 18. Bxc3 Qxe4 {0-1 Lippert,D (2025)-Matthes,A (2146) Berlin Werner Ott op 2022 (3)}) 13. b3 O-O 14. Rac1 Rfe8 15. Kh1 d5 16. f4 (16. exd5 exd5 17. Rb1 (17. cxd5 $2 Ba3 $19) (17. Nxd5 $2 Nxd5 18. cxd5 Ba3 $19) 17... Bc5 $17 (17... dxc4 18. Qxc4 Qe5 19. Qd4 $17)) ({Only move:} 16. cxd5 $16 exd5 17. Nxd5 Nxd5 18. Ne3 (18. exd5 $2 Ba3 $19)) 16... dxc4 17. e5 Nd5 18. Nxd5 exd5 19. Ne3 $1 Ba3 20. Rc2 Nb6 (20... Qc6 $11 {keeps the balance.}) 21. Ba5 $1 $16 {[%emt 0:07:49] White is more active.} Red8 {[%emt 0:00:00] [#]} (21... Qc5 $16 22. Bxb6 Qxb6) 22. Rd1 (22. bxc4 $1 $18 d4 (22... dxc4 $2 23. Nxc4 Re8 24. Nxa3 $18) 23. Nf5) 22... Qc5 23. Bxb6 Qxb6 24. Nxd5 Qa5 (24... Qe6 $16 25. bxc4 Kh8) 25. Rxc4 $18 Rxc4 26. Qxc4 Bf8 27. h3 h6 28. f5 (28. Kh2 $18) 28... Qxa2 $2 {[%emt 0:00:48][%mdl 8192] A mistake that costs the game.} (28... Kh8 $16 {is a better defense.} 29. a4 Re8) 29. e6 b5 $2 (29... Qa5 30. e7 Bxe7) 30. Qg4 $2 (30. Nf6+ gxf6 31. Qg4+ (31. Rxd8 $2 bxc4 32. bxc4 Qxc4 $19) 31... Kh7 32. Rxd8) 30... Rxd5 31. Rxd5 {[%emt 0:00:12] And now exf7+ would win.} Qxb3 $2 (31... fxe6 32. fxe6 Be7) 32. Rd8 {[%emt 0:01:44] Intending e7 and mate.} Qe3 33. exf7+ {[%emt 0:00:51] White mates.} Kxf7 {[%emt 0:00:26] [#]} 34. Qg6+ $1 Kg8 35. Qe6+ {[%emt 0:01:31] Weighted Error Value: White=0.41/Black=1.09  Loses game:     	---       	Black=1      Mistake:       	White=4     	Black=6      Inaccurate:     	White=1     	Black=3      OK:         	White=7     	Black=4      Best:        	White=2     	---        Strong:       	White=2     	---} (35. Qxa6 $2 {perishes.} Qc1+ 36. Kh2 Qc7+ 37. g3 Qxd8 $19) 1-0

[Event "4NCL Div 2 2024-25"]
[Site "England"]
[Date "2025.01.26"]
[Round "4.22"]
[White "Edwards-Wright, Miles D"]
[Black "Dicen, Elis Denele"]
[Result "1/2-1/2"]
[Annotator "TA"]
[ECO "A17"]
[WhiteElo "1970"]
[BlackElo "2100"]
[PlyCount "107"]
[EventDate "2024.11.23"]
[EventType "team-tourn"]
[EventCountry "ENG"]
[SourceTitle "playchess.com"]
[Source "ChessBase"]
[SourceQuality "1"]
[TimeControl "40/6000+30:3000+30"]

1. c4 e6 2. Nc3 d5 3. cxd5 exd5 4. d4 c6 5. g3 Nf6 6. Bg2 Bd6 7. Nf3 O-O 8. O-O Bf5 9. Nh4 Be6 {[%emt 0:09:41] A17: English Opening: 1...Nf6 with ...Bb4.} 10. Qc2 Na6 11. a3 Nc7 $146 {[%emt 0:01:15] Black has an edge.} (11... h6 12. Nf5 Bc7 13. b4 Qd7 14. Ne3 Rac8 15. Bb2 Ng4 16. Nxg4 Bxg4 17. Rac1 Bd6 {1-0 Fernandez Malagon,M (1737)-Manso Lopez,R (1556) CUB Province-chT Schools 54th 2018 (4.7)}) 12. Nf5 Bxf5 13. Qxf5 Ne6 14. Qd3 Re8 15. e4 dxe4 16. Nxe4 Nxe4 17. Bxe4 g6 18. Bg2 Bf8 19. Be3 Bg7 20. Rad1 Qe7 21. Qb3 Rad8 22. d5 cxd5 23. Bxd5 {[%emt 0:14:08] This pair of bishops is nice.} b6 24. Bxe6 fxe6 (24... Qxe6 25. Qxe6 fxe6 26. b4 Rd5) 25. Qb5 Qf7 26. Bg5 Rd5 27. Rxd5 exd5 28. Rd1 d4 29. Qd3 Rf8 30. Rf1 {[%emt 0:00:42] Active counter play!} Qd5 31. Bc1 Rf3 32. Qd2 (32. Qa6 Rf7 33. Rd1 b5 34. Qc8+) 32... d3 {[%emt 0:02:59] White is weak on the light squares} 33. Qb4 (33. b4 $15 {feels stronger.}) 33... Bd4 (33... a5 $17 34. Qe1 Rf5) 34. Bd2 ({Better is} 34. Bf4 $15) 34... a5 {[%emt 0:02:27][%cal Of3f2] ( -> ...Rxf2!)} 35. Qe7 {[%emt 0:01:04] And now Bh6 would win.} Rf7 (35... Bxb2 36. Bh6 Qa8 37. Qd7 $18) 36. Qe8+ Rf8 37. Qe7 Bc5 38. Qe1 Rd8 (38... a4 $17 39. Bh6 Rd8) 39. b4 $1 $11 axb4 40. axb4 Bf8 (40... Bd4 {keeps more tension.} 41. Qe7 Rd7 42. Qe8+ Kg7) 41. Qe3 b5 42. Re1 Bg7 43. h4 Rf8 44. Rf1 (44. Qe4 {simplifies} Qxe4 45. Rxe4 Ra8 46. Re3) 44... Bd4 45. Qg5 (45. Qe7 $11) 45... Qf3 $17 46. Be3 {[%emt 0:00:00] [#]} d2 $1 {[%emt 0:08:07] Black plays in the center} 47. Bxd4 {[%emt 0:00:00] Counterplay Black} d1=Q (47... d1=B $2 {loses.} 48. Qe5 $18 (48. Qxb5 Qe2 $18)) 48. Qe5 {[%emt 0:00:00][%csl Gd4][%cal Re5g7] [#] Wards off Qxd4} Qxf1+ 49. Kxf1 {[%emt 0:00:00][%csl Gd4][%cal Re5g7] KQR-KQB. The position is equal.} Kf7 50. Qc7+ Ke6 $1 51. Qe5+ Kf7 52. Qc7+ Ke6 $1 53. Qe5+ Kf7 {[%emt 0:01:05] and ...Qh1+ would now be decisive} 54. Qc7+ {[%emt 0:00:00] Weighted Error Value: White=0.11 (very precise) /Black=0.11 (very precise)   Mistake:       	White=3     	Black=3      Inaccurate:     	White=2     	Black=5      OK:         	White=20    	Black=17     Best:        	---       	Black=1      Strong:       	White=1     	Black=2      Brilliant:      	---       	Black=1} 1/2-1/2

[Event "4NCL Div 2 2024-25"]
[Site "England"]
[Date "2025.01.26"]
[Round "4.23"]
[White "Fellowes, Billy"]
[Black "Eagleton, Greg T"]
[Result "1/2-1/2"]
[Annotator "TA"]
[ECO "B53"]
[WhiteElo "2055"]
[BlackElo "2053"]
[PlyCount "96"]
[EventDate "2024.11.23"]
[EventType "team-tourn"]
[EventCountry "ENG"]
[SourceTitle "playchess.com"]
[Source "ChessBase"]
[SourceQuality "1"]
[TimeControl "40/6000+30:3000+30"]

1. e4 c5 2. Nf3 d6 3. d4 cxd4 4. Qxd4 Bd7 5. Nc3 Nc6 6. Qe3 {[%emt 0:00:55] B53: Sicilian: 2...d6: Lines with Qxd4.} Nf6 7. Bb5 g6 8. Bxc6 Bxc6 9. Nd4 $146 (9. O-O Bg7 10. e5 dxe5 11. Nxe5 O-O 12. a4 Qc7 13. Nxc6 bxc6 14. h3 Nd5 15. Nxd5 cxd5 {0-1 Heiser,J (905)-Giavassopoulos,T (1600) LSS No Engine Cup 133 Preliminary 0 2015}) 9... Bg7 10. Nxc6 bxc6 11. O-O O-O 12. h3 c5 13. e5 Ne8 14. exd6 exd6 (14... Nxd6 $11 15. Qxc5 Qc8) 15. Rd1 Qh4 16. Qf3 Rd8 17. Ne4 Qe7 18. Bg5 f6 $1 19. Bf4 d5 {[%emt 0:03:03] [#]} 20. Nc3 $36 {[%emt 0:00:16][%mdl 2048] White has strong initiative.} d4 21. Re1 Qd7 22. Ne4 Qd5 ({Black should try} 22... Qf5 $14) 23. Qa3 $16 c4 24. Rad1 Rf7 25. Qa4 Rfd7 26. Nd2 {[%emt 0:01:02] White is much more active.} Rc8 27. Nf3 (27. Nxc4 $2 Rxc4 28. b4 (28. Rxe8+ $2 Kf7 $19) 28... Nc7 $19) 27... d3 28. cxd3 cxd3 29. Qa6 (29. Re3 $16 {Hoping for Rdxd3.} Rc4 30. Qa3 (30. Rxe8+ $2 Kf7 $19) 30... Rxf4 31. Rexd3 (31. Rxe8+ Kf7 $16) 31... Rxf3 32. gxf3 (32. Rxd5 Rxa3 33. Rxd7 Ra6 $16) 32... Qg5+ 33. Kh1 Rxd3 34. Qxd3) 29... Rcd8 $14 30. Re3 Bf8 (30... Qf5 $16 {keeps fighting.}) 31. Ne1 (31. Rexd3 $18 Qf5 32. Rxd7 Rxd7 33. Qc4+ Kh8 34. Re1) 31... d2 $16 32. Nf3 g5 33. Rxd2 Qf7 34. Rxd7 Rxd7 35. Bg3 h5 36. h4 g4 37. Ne1 Ng7 38. Rd3 Re7 39. Nc2 Nf5 40. Qa5 (40. Kh2 $16) 40... Nxg3 $14 41. Rxg3 Re5 42. Qa6 Bc5 43. Rd3 Kg7 44. Qa4 Kg6 45. Kf1 Qe6 {[%emt 0:00:54][%cal Oc5f2] Strongly threatening ...Bxf2!.} 46. Qb3 Qf5 {[%emt 0:01:41] [#]} (46... Qa6 $1 $11 {keeps the balance.}) 47. Qg8+ ({White should try} 47. Rd2 $1 $16) 47... Kh6 $11 48. Qh8+ Kg6 {[%emt 0:00:04] Weighted Error Value: White=0.16 (very precise) /Black=0.15 (very precise)   Mistake:       	White=4     	Black=4      Inaccurate:     	White=7     	Black=4      OK:         	White=19    	Black=16     Best:        	---       	Black=3      Strong:       	---       	Black=1} 1/2-1/2

[Event "4NCL Div 2 2024-25"]
[Site "England"]
[Date "2025.01.26"]
[Round "4.24"]
[White "Jaufarally, Nadia"]
[Black "Fallowfield, Jeremy R"]
[Result "1-0"]
[Annotator "TA"]
[ECO "B31"]
[WhiteElo "1929"]
[BlackElo "2072"]
[PlyCount "77"]
[EventDate "2024.11.23"]
[EventType "team-tourn"]
[EventCountry "ENG"]
[SourceTitle "playchess.com"]
[Source "ChessBase"]
[SourceQuality "1"]
[TimeControl "40/6000+30:3000+30"]

1. e4 c5 2. Nf3 Nc6 3. Bb5 g6 4. Bxc6 dxc6 5. O-O Bg7 6. d3 Nf6 7. a4 {[%emt 0:02:41] B31: Sicilian: 2...Nc6 3 Bb5 g6.} a5 8. Nc3 Bg4 9. h3 {[%emt 0:00:36] White is slightly better.} Bxf3 10. Qxf3 O-O $146 (10... Nd7 11. Qd1 e5 12. Be3 Qe7 13. Qd2 Nf8 14. f4 exf4 15. Bxf4 Ne6 16. Bh2 c4 {1-0 Rozentalis,E (2480)-Dzida,K (2385) Warsaw Najdorf Memorial op-A 2024 (6)}) 11. Be3 Qd6 12. Qe2 e5 13. Ra3 b6 14. Rb3 Rab8 15. f4 (15. Nb1 $11 {keeps the balance.}) 15... Nh5 $17 16. Qf3 {[%emt 0:12:20] Inhibits Ng3.} (16. fxe5 Bxe5 17. Rf3) 16... Nxf4 ({Black should try} 16... exf4 17. Bxf4 Nxf4 18. Qxf4 Qxf4 19. Rxf4 b5) 17. Bxf4 exf4 18. Qxf4 Be5 19. Qg4 c4 20. dxc4 Qc5+ 21. Kh1 Qxc4 22. Qe2 Qe6 (22... b5 $142 {Hoping for ...Qxe2.} 23. axb5 Qxe2 24. Nxe2 cxb5) 23. Qe3 ({White should play} 23. Nd1) 23... Bc7 24. g4 (24. Nd1 $17) 24... Qe5 25. Rf2 {[%emt 0:01:26] Inhibits Qh2+.} Rbd8 {[%emt 0:02:36] Prevents Nd1} 26. Qf3 f6 27. Qe2 {[%emt 0:02:28] White is weak on the dark squares} (27. Ra3 $17 {might work better.}) 27... Rd4 28. Ra3 (28. Qf3 $142) 28... Qg3 $2 (28... b5 $19 29. axb5 cxb5) 29. Nb5 $11 Rd1+ $2 30. Qxd1 $18 Qxf2 31. Nxc7 Qf4 {[%emt 0:00:23] [#]} 32. Na6 Qxe4+ 33. Kg1 f5 34. Qd3 {[%emt 0:01:29] and Qxe4 would now be decisive} Qe1+ 35. Qf1 Qd2 {[%emt 0:03:01] [#] This move loses the game for Black.} (35... Qxf1+ $16 36. Kxf1 fxg4+ 37. Kg2 Ra8) 36. Qc4+ $1 Rf7 37. Rf3 ({Weaker is} 37. Qxc6 Qd1+ 38. Kg2 Qe2+ (38... fxg4 39. Qe8+ Rf8 40. Qe6+ Kh8 41. Qe5+ Kg8 42. Qe6+ Kg7 43. Qe7+ Rf7 44. Qe5+ Kg8 45. hxg4 $11) 39. Kh1 fxg4 $11 (39... Qxa6 40. Rd3 $11)) 37... Kf8 38. Qc3 ({Less strong is} 38. Qxc6 Qe1+ 39. Rf1 Qe3+ 40. Rf2 fxg4 41. Qd6+ Kg7 $16) 38... Qd1+ (38... Qxc3 39. Rxc3 fxg4 40. hxg4 (40. Rxc6 gxh3 41. Kh2 Rf4 $18) 40... Rf4 41. Rxc6 Rxg4+ 42. Kh2 Rxa4 43. Rxb6 Kg7) 39. Rf1 {[%emt 0:00:22] Weighted Error Value: White=0.29 (precise) /Black=0.55  Loses game:     	---       	Black=1      Missed win:     	---       	Black=1      Mistake:       	White=6     	Black=4      Inaccurate:     	White=3     	Black=2      OK:         	White=7     	Black=10     Best:        	White=6     	Black=1      Strong:       	White=1     	---} 1-0